 Dungeon Crawl Stone Soup version 0.24-a0-539-g6aae15eeb0 (webtiles) character file.

Game seed: 1408477085190555430

14 Gargoyl the Skirmisher (level 2, -20/26 HPs)
             Began as a Centaur Abyssal Knight on Aug 17, 2019.
             Was a Follower of Lugonu.
             Killed from afar by a wretched star (25 damage)
             ... with an orb of energy
             ... on level 2 of the Abyss.
             The game lasted 00:00:33 (123 turns).

Gargoyl the Skirmisher (Centaur Abyssal Knight)      Turns: 123, Time: 00:00:33

Health: -20/26     AC:  4    Str: 14    XL:     2   Next: 27%
Magic:  3/3        EV:  9    Int: 11    God:    Lugonu [*.....]
Gold:   40         SH:  0    Dex:  8    Spells: 1/1 levels left

rFire    . . .     SeeInvis .   a - +1 hand axe
rCold    . . .     Gourm    .   (no shield)
rNeg     . . .     Faith    .   b - +0 leather armour
rPois    .         Spirit   .   (no helmet)
rElec    .         Reflect  .   (no cloak)
rCorr    .         Harm     .   (no gloves)
MR       .....                  (no barding)
Stlth    ..........             (no amulet)
HPRegen  0.08/turn              (no ring)
MPRegen  0.08/turn              (no ring)

@: very slightly contaminated, very quick
A: large, hooves 3, deformed body, speed 2, tough skin 3
a: Depart the Abyss, Renounce Religion


You were on level 2 of the Abyss.
You worshipped Lugonu.
Lugonu was aware of your devotion.
You were not hungry.

You visited 0 branches of the dungeon, and saw 0 of its levels.
You visited the Abyss 1 time.

You collected 40 gold pieces.

Inventory:

Hand Weapons
 a - a +1 hand axe (weapon)
Armour
 b - a +0 leather armour (worn)
Wands
 f - a wand of digging (3)
Scrolls
 e - a scroll of immolation
Comestibles
 c - a ration


   Skills:
 + Level 3.5 Fighting
 + Level 1.9 Axes
 + Level 1.5 Armour
 + Level 0.6 Dodging
 + Level 2.1 Invocations


You had one spell level left.
You didn't know any spells.
Your spell library was empty.

Dungeon Overview and Level Annotations

Branches:
Dungeon (0/15)

Altars:


Innate Abilities, Weirdness & Mutations

You have hooves in place of feet.
Armour fits poorly on your strangely shaped body.
You cover ground very quickly.
You have extremely tough skin. (AC +3)


Message History

Gang up on whom?
Press: ? - help, Dir - move target cursor, f - wretched star
Aim: a wretched star (translocational energy) Attack!
Your larval stingweird beast hits the wretched star.
Your larval stingweird beast stings the wretched star but does no damage.
The wretched star glows turbulently.
The orb of energy hits you!!
Ouch! That really hurt!
* * * LOW HITPOINT WARNING * * *
You flicker back into view.
The wretched star glows turbulently.
The orb of energy hits your larval stingweird beast!
Your larval stingweird beast dies!
Your larval stingweird beast's corpse disappears in a puff of smoke!
Unknown command.
The wretched star glows turbulently.
The orb of energy hits you!!
Ouch! That really hurt!
You die...

. . #..(.. *.#..# ....
.. .#........#.##. ....
.. # ...#ยง...#... ##.
# #....*..###..# #.. ..
#.##..##.#..#.#.# ....
#..#.. #....#.#..# ...
. .# # #.#......#. ..
... .## ##.......... .
.....##...####@.#..##.#
. . ... ...#...### #...
.....#......### #......
... ..#..# # . . #
##.#### .#.. ## ..###.#
.#.# .. ##.## . .# ## #
#.#### #. #


You could see a wretched star.

Vanquished Creatures (collateral kills)
  An iron imp (Abyss:2)
1 creature vanquished.

Notes
Turn   | Place    | Note
-------+----------+-------------------------------------------
     0 | Abyss:1  | Gargoyl the Centaur Abyssal Knight began the quest for the
                  | Orb.
     0 | Abyss:1  | Reached XP level 1. HP: 19/19 MP: 2/2
    73 | Abyss:1  | Noticed an anaconda zombie
   107 | Abyss:2  | Noticed an iron imp
   115 | Abyss:2  | Noticed a wretched star
   115 | Abyss:2  | Killed an iron imp
   115 | Abyss:2  | Reached XP level 2. HP: 26/26 MP: 3/3
   123 | Abyss:2  | Killed from afar by a wretched star

Levels and vault maps discovered:
Abyss:2:  bh_abyss_xom_lugonu_altar

Action                   || total
-------------------------++-------
Evoke: Box of beasts     ||     1
  Use: Scroll            ||     1
       Potion            ||     1

Table legend:
 A = Non-vault XP
 B = Vault XP
 C = Vault XP percentage of total XP
 D = Non-vault monster count
 E = Vault monster count
 F = Vault count percentage of total count
                 A         B        C        D         E       F
            +---------+---------+-------+---------+---------+-------
      Total |      20 |       0 |   0.0 |       1 |       0 |   0.0
            +---------+---------+-------+---------+---------+-------
    Abyss:2 |      20 |       0 |   0.0 |       1 |       0 |   0.0
            +---------+---------+-------+---------+---------+-------
